 Dungeon Crawl Stone Soup version 0.28-a0-479-g5baa6b73be (webtiles) character file.

Game seed: 11698373810951569164

133 Shayle the Skirmisher (level 5, -5/57 HPs)
             Began as an Ogre Warper on Sept 17, 2021.
             Killed by divine providence
             ... invoked by an orc priest
              (15 damage)
             ... on level 3 of the Dungeon.
             The game lasted 00:07:18 (3012 turns).

Shayle the Skirmisher (Ogre Warper)                 Turns: 3012, Time: 00:07:19

Health: -5/57      AC: 11    Str: 15    XL:     5   Next: 16%
Magic:  8/8        EV:  9    Int: 15    God:
Gold:   130        SH:  0    Dex:  8    Spells: 3/8 levels left

rFire   . . .      SeeInvis +   e - +2 mace (protect)
rCold   . . .      Faith    .   (no shield)
rNeg    . . .      Spirit   .   b - +0 robe
rPois   .          Reflect  .   (helmet restricted)
rElec   .          Harm     .   k - +0 cloak
rCorr   .          Rampage  .   (gloves unavailable)
Will    .....                   (boots unavailable)
Stlth   +.........              (no amulet)
HPRegen 0.19/turn               h - ring of see invisible
MPRegen 0.11/turn               (no ring)

@: under a protective aura
A: large, unfitting armour, tough skin 1
a: no special abilities


You were on level 3 of the Dungeon.
You visited 1 branch of the dungeon, and saw 4 of its levels.

You collected 130 gold pieces.

Inventory:

Hand Weapons
 a - a +0 spear
 e - a +2 mace of protection (weapon)
Missiles
 d - 4 boomerangs of dispersal (quivered)
 p - 8 silver boomerangs
Armour
 b - a +0 robe (worn)
 k - a +0 cloak (worn)
Jewellery
 h - a ring of see invisible (left hand)
Wands
 m - a wand of flame (21)
Scrolls
 c - a scroll of blinking
 f - a scroll of teleportation {unknown}
 l - a scroll of identify {unknown}
Potions
 g - a potion of invisibility {unknown}
 i - a potion of curing {unknown}
 j - a potion of heal wounds {unknown}
 n - a potion of attraction {unknown}
 o - a potion of mutation {unknown}


   Skills:
 + Level 5.2 Fighting
 + Level 3.9 Polearms
 - Level 1.0 Throwing
 - Level 2.1 Dodging
 - Level 2.4 Spellcasting
 - Level 2.6 Translocations


You had 3 spell levels left.
You knew the following spells:

 Your Spells              Type           Power      Damage    Failure   Level
a - Blink                 Tloc           N/A        N/A       11%         2
b - Teleport Other        Tloc           9%         N/A       22%         3

Your spell library contained the following spells:

 Spells                   Type           Power      Damage    Failure   Level
 Gell's Gravitas          Tloc           4%         N/A       22%         3
 Lesser Beckoning         Tloc           9%         N/A       22%         3
 Manifold Assault         Tloc           9%         N/A       89%         5


Dungeon Overview and Level Annotations

Branches:
Dungeon (4/15)
 Temple: D:4-7

Altars:


Innate Abilities, Weirdness & Mutations

You are too large for most types of armour.
You have tough skin. (AC +1)


Message History

The orc priest shouts!
There is a stone staircase leading up here.
The orc priest mumbles some strange prayers to Beogh against you.
Beogh smites you!
An endoplasm comes into view.
The orc priest invokes the aid of Beogh against you.
Beogh smites you! The orc closely misses you.
You climb upwards.
There is a stone staircase leading down here.
You hit the orc priest.
Your weapon exudes an aura of protection.
The orc priest is lightly wounded.
The orc priest hits you but does no damage.
You hit the orc priest but do no damage.
The orc priest is lightly wounded.
The orc priest mumbles some strange prayers to Beogh against you.
You struggle to resist.
The orc priest calls down the wrath of Beogh upon you.
Beogh smites you!
You barely miss the orc priest.
The orc priest is lightly wounded.
The orc priest hits you but does no damage.
You hit the orc priest but do no damage.
The orc priest is lightly wounded.
The orc priest hits you but does no damage.
You sock the orc priest!
The orc priest is heavily wounded.
The orc priest misses you.
The orc priest hits you but does no damage.
You barely miss the orc priest.
The orc priest is heavily wounded.
The orc priest invokes the aid of Beogh against you.
Beogh smites you!
* * * LOW HITPOINT WARNING * * *
You hit the orc priest.
The orc priest is almost dead.
The orc priest hits you but does no damage.
The orc priest mumbles some strange prayers to Beogh against you.
Beogh smites you!
You die...

.................## ###
#.#.#.#.#.#.#.#.#.# #
..................## ####
.#.#.#.#.#.#.#.#.#(# #...
..................### ###.##
#.#.#.#.#.#.#.#.#...## #...#
.................##..#######.####
.#.#.#.#.#.#.#.#.###..†.........#
.........[.....o@# ######.......#
#.#.#.#.#.#.#.#[.# #.......#
.................# #.......#
.#.#.#.#.#.#.#...# #.......#
#................# #.......#
#.#.#.#.#.#.#..### #.......#
##.............# #....>..#
###..........## #########
############


You could see an orc priest.

Vanquished Creatures
  An orc wizard (D:3)
  4 gnolls (D:3)
  2 adders (D:1)
  A dart slug (D:2)
  2 orcs (D:4)
  4 bats
  5 endoplasms
  5 hobgoblins
  2 jackals (D:2)
  2 quokkas (D:3)
  5 ball pythons
  A frilled lizard (D:3)
  10 goblins
  A kobold (D:2)
  4 rats
49 creatures vanquished.

Notes
Turn   | Place    | Note
-------+----------+-------------------------------------------
     0 | D:1      | Shayle the Ogre Warper began the quest for the Orb.
     0 | D:1      | Reached XP level 1. HP: 22/22 MP: 3/3
   187 | D:1      | Reached skill level 3 in Fighting
   358 | D:1      | Reached XP level 2. HP: 31/31 MP: 5/5
  1014 | D:2      | Reached XP level 3. HP: 32/39 MP: 6/6
  1093 | D:1      | Reached skill level 4 in Fighting
  1159 | D:2      | You fall into a shaft and drop 1 floor!
  1169 | D:3      | Found a faded altar of an unknown god.
  1689 | D:3      | Reached XP level 4. HP: 49/49 MP: 7/7
  2605 | D:4      | Learned a level 2 spell: Blink
  2609 | D:4      | Learned a level 3 spell: Teleport Other
  2623 | D:4      | Noticed an ogre
  2996 | D:3      | Reached skill level 5 in Fighting
  2996 | D:3      | Reached XP level 5. HP: 54/57 MP: 8/8
  3012 | D:3      | Killed from afar by an orc priest

Illustrated notes

Levels and vault maps discovered:
D:1:      dpeg_arrival_fog, layout_loops_ring
D:2:      layout_rooms
D:3:      minmay_door_path, layout_rooms, ebering_ecumenical_altar_sacrificial,
          hex_large
D:4:      layout_gridville, minmay_temple_entry_offerings, uniq_eustachio

Skill      XL: |  1  2  3  4 |
---------------+-------------+-----
Fighting       | 3 4 5 |  5.2
Polearms       | 3 |  3.9
Throwing       | |  1.0
Dodging        | |  2.1
Spellcasting   | |  2.4
Translocations | |  2.6

Action                   |  1- 3 |  4- 6 || total
-------------------------+-------+-------++-------
Melee: Mace              |    94 |    78 ||   172
Throw: Boomerang         |       |     1 ||     1
 Cast: Teleport Other    |       |     2 ||     2
       Blink             |       |     1 ||     1
 Stab: Sleeping          |     2 |       ||     2
Armor: Robe              |    44 |    35 ||    79
Dodge: Dodged            |    59 |    54 ||   113

Table legend: (Time is in decaauts)
 A = Elapsed time spent in this place.
 B = Non-inter-level travel time spent in this place.
 C = Inter-level travel time spent in this place.
 D = Time resting spent in this place.
 E = Time spent auto-exploring this place.
 F = Levels seen in this place.
 G = Mean time per level.
                   A        B        C        D        E       F      G
               +--------+--------+--------+--------+--------+-----+--------+
         Total |   3086 |   2996 |     90 |    838 |   1456 |   4 |  771.5 |
       Dungeon |   3086 |   2996 |     90 |    838 |   1456 |   4 |  771.5 |
               +--------+--------+--------+--------+--------+-----+--------+

Top non-repeatable levels by time:
     D:3: 1309 daAuts
     D:1: 1154 daAuts
     D:2: 482 daAuts
     D:4: 139 daAuts
